cohdb
Replays
Latest Replays
All Replays
Popular Replays
Top Player Replays
Match Explorer
How It Works
Community
CoH3 Stats
Reddit
Sign in to upload your games and track your stats! →
Sign in with Steam
Match 47214924
Unlisted
Match 47214924
Overview
Messages
Build Orders
End
Construct Section Command Post
Selects Canadian Shock Battlegroup
Infantry Section
Infantry Section
Infantry Section
Grenade Package
Infantry Section
Construct Platoon Command Post
Royal Engineer Section
Unlock M3 Stuart Light Tanks
Selects Incendiary Munitions
M3 Stuart Light Tank
Selects Pyrotechnics
Light Vehicle Training
M3 Stuart Light Tank
Infantry Training
6-pounder Anti-tank Gun Team
Team Weapon Training
6-pounder Anti-tank Gun Team
Royal Engineer Section
Selects Attacking Spirit
6-pounder Anti-tank Gun Team
Construct Company Command Post
Selects Churchill Crocodile Heavy Tank
Churchill Crocodile Heavy Tank
Royal Engineer Section
Selects Canadian Shock Section
Selects Smoke Operation
Vulpes
Ghost
CAuMOH
K̳itsuné
0
0
Comments
sign in to comment!
No comments posted yet!